 Dungeon Crawl Stone Soup version 0.31-a0-188-g5e087ee2ca (webtiles) character file.

Game seed: 14405843390778661733

51 qw the Shooter (level 3, -1/20 HPs)
             Began as a Deep Elf Hunter on June 23, 2023.
             Was an Initiate of Okawaru.
             Succumbed to an adder's poison
             ... on level 2 of the Dungeon.
             The game lasted 00:00:23 (1052 turns).

qw the Shooter (Deep Elf Hunter)                    Turns: 1052, Time: 00:00:24

Health: -1/20      AC:  3    Str:  8 (10) XL:     3   Next: 58%
Magic:  5/5        EV: 12    Int: 11 (13) God:    Okawaru [......]
Gold:   71         SH:  0    Dex: 17 (18) Spells: 2/2 levels left

rFire   . . .        Y - +0 shortbow
rCold   . . .        (shield currently unavailable)
rNeg    . . .        c - +0 leather armour
rPois   .            (no helmet)
rElec   .            (no cloak)
rCorr   .            (no gloves)
SInv    .            (no boots)
Will    .....        (no amulet)
Stlth   ++           (no ring)
HPRegen 0.23/turn    (no ring)
MPRegen 0.09/turn

%: no passive effects
@: lethally poisoned (-1 -> -9)
A: no striking features
a: Renounce Religion


You were on level 2 of the Dungeon.
You worshipped Okawaru.
Okawaru was noncommittal.
You visited 1 branch of the dungeon, and saw 2 of its levels.

You collected 71 gold pieces.


   Skills:
 - Level 1.5 Fighting
 + Level 7.1 Ranged Weapons
 - Level 2.4 Dodging
 - Level 1.2 Stealth


You had 2 spell levels left.
You didn't know any spells.
Your spell library was empty.

Inventory:

Hand Weapons
 Y - a +0 shortbow (weapon)
Armour
 c - a +0 leather armour (worn)
Scrolls
 a - a scroll of amnesia {unknown}
 b - a scroll of identify {unknown}
Potions
 d - a potion of magic {unknown}
 e - a potion of might {unknown}
 g - a potion of lignification {unknown}

Dungeon Overview and Level Annotations

Branches:
Dungeon (2/15)

Altars:
Okawaru

Shops:
D:1 (


Message History

You shoot an arrow. The arrow hits the adder.
The adder hisses angrily.
The adder is lightly wounded.
You shoot an arrow. The arrow misses the adder.
The adder closely misses you. The adder bites you.
You are poisoned.
The adder poisons you!
You shoot an arrow. The arrow completely misses the adder.
You feel sick. The adder bites you but does no damage.
You shoot an arrow. The arrow hits the adder.
The adder is heavily wounded.
You feel sick. The adder barely misses you. x2
You shoot an arrow. The arrow hits the adder.
The adder is severely wounded.
You feel sick. The adder barely misses you.
You shoot an arrow.
The arrow hits the adder but does no damage.
The adder is severely wounded.
You feel sick. The adder barely misses you.
The adder bites you but does no damage.
You shoot an arrow.
The arrow hits the adder but does no damage.
The adder is severely wounded.
You feel sick.
You are no longer poisoned.
The adder barely misses you.
You shoot an arrow. The arrow closely misses the adder.
The adder bites you.
You are poisoned.
The adder poisons you! The adder bites you.
You are lethally poisoned!
The adder poisons you!
You shoot an arrow. The arrow hits the adder.
The adder is almost dead.
You feel very sick. The adder bites you.
You shoot an arrow. The arrow hits the adder.
You kill the adder!
Okawaru accepts your kill.
You die...

.# *,,,#.# ###*,,,,* *
.# ****#.#*** ****,***
)########**,,,...,,*
*,,,,
#.........,,**#.#*,*
***** #.##.##.##***
#.#*,# * #.##.##.##
#.#*.# * #.(..##.##
####.##.## * #..####.##
#....#...#### #..####.##
#.###@......#
#.......####.###.##.##.#
##....####.....#.#*,**,*
##....####...>.#.#*,,,,*
#.......##.....#.#****,*
#.......##.....#.#****,*
#.......#..(...#..,,,,,*
###...#.....######****,*
###.........# *,*


There were no monsters in sight!

Vanquished Creatures
  2 adders (D:2)
  A worm (D:2)
  2 dart slugs (D:1)
  2 ball pythons
  10 bats
  An endoplasm (D:1)
  3 giant cockroaches (D:1)
  3 goblins
  2 hobgoblins
  3 quokkas (D:1)
  4 kobolds (D:1)
  2 rats (D:1)
35 creatures vanquished.

Notes
Turn   | Place    | Note
-------+----------+-------------------------------------------
     0 | D:1      | qw the Deep Elf Hunter began the quest for the Orb.
     0 | D:1      | Reached XP level 1. HP: 12/12 MP: 3/3
     0 | D:1      | 0 ||| qw: Version: 0.3-a-9-g12657ce
     0 | D:1      | 0 ||| qw: Game counter: 3282
     0 | D:1      | 0 ||| qw: Always use a shield: true
     0 | D:1      | 0 ||| qw: God list: Okawaru
     0 | D:1      | 0 ||| qw: Allow faded altars: false
     0 | D:1      | 0 ||| qw: Do Orc after D:15 true
     0 | D:1      | 0 ||| qw: Do second Lair branch before Depths: true
     0 | D:1      | 0 ||| qw: Lair rune preference: random
     0 | D:1      | 0 ||| qw: Plans: Normal
     0 | D:1      | 0 ||| PLANNING D:1-11
   262 | D:1      | Reached skill level 6 in Ranged Weapons
   262 | D:1      | Reached XP level 2. HP: 16/16 MP: 4/4
   278 | D:1      | Found a faded altar of an unknown god.
   505 | D:1      | Found Laegarou's Weapon Shop.
   505 | D:1      | Noticed a +0 quick blade
   507 | D:1      | 507 ||| READING 2 scrolls labelled MEGOMM EDAD.
   510 | D:1      | Noticed a +0 quick blade
   544 | D:1      | Reached XP level 3. HP: 20/20 MP: 5/5
   759 | D:1      | 759 ||| READING scroll labelled QUTE NIGI.
   760 | D:1      | 760 ||| READING scroll labelled HIF ICLIONEPSI.
   761 | D:1      | 761 ||| DRINKING 2 fuming cyan potions.
   762 | D:1      | 762 ||| DROPPING scroll of butterflies.
   763 | D:1      | 763 ||| DROPPING potion of degeneration.
   825 | D:2      | HP: 4/20 [worm (8)]
   826 | D:2      | 826 ||| READING scroll of teleportation.
   960 | D:2      | Reached skill level 7 in Ranged Weapons
   997 | D:2      | Found an iron altar of Okawaru.
   998 | D:2      | 998 ||| PLANNING OKAWARU WORSHIP
   998 | D:2      | 998 ||| READING scroll labelled YLADAI RYMPETI.
  1006 | D:2      | Became a worshipper of Warmaster Okawaru
  1007 | D:2      | 1007 ||| PLANNING D:1-11
  1051 | D:2      | HP: 4/20 [poisoned by an adder]
  1051 | D:2      | HP: 1/20 [adder (3)]
  1052 | D:2      | Succumbed to an adder's poison

Levels and vault maps discovered:
D:1:      nagdon_arrival_zigzag_paths, layout_loops_ring, serial_shops,
          nicolae_shop_mannequins, ebering_ecumenical_altar_hall,
          kennysheep_pointless_box, st_stairs_10
D:2:      layout_loops_cross, basic_altar

Skill      XL: |  1  2  3 |
---------------+----------+-----
Ranged Weapons | 6 7 |  7.1
Fighting       | |  1.5
Dodging        | |  2.4
Stealth        | |  1.2

Action                     || total
---------------------------++-------
   Fire: Shortbow          ||    95
    Use: Scroll            ||     5
         Potion            ||     1
 Armour: Leather armour    ||     7
  Dodge: Dodged            ||    28

Table legend:
 A = Non-vault XP
 B = Vault XP
 C = Vault XP percentage of total XP
 D = Non-vault monster count
 E = Vault monster count
 F = Vault count percentage of total count
                 A         B        C        D         E       F
            +---------+---------+-------+---------+---------+-------
      Total |      77 |      10 |  11.5 |      31 |       4 |  11.4
            +---------+---------+-------+---------+---------+-------
        D:1 |      37 |      10 |  21.3 |      23 |       4 |  14.8
        D:2 |      40 |       0 |   0.0 |       8 |       0 |   0.0
            +---------+---------+-------+---------+---------+-------
